 Dungeon Crawl Stone Soup version 0.21-a0-95-g06f091e (webtiles) character file.

45 Ijustatesigmund the Skirmisher (level 3, -4/42 HPs)
             Began as an Ogre Hunter on July 4, 2017.
             Slain by a gnoll
             ... wielding a +0 flail
              (8 damage)
             ... on level 2 of the Dungeon.
             The game lasted 00:02:13 (1283 turns).

Ijustatesigmund the Skirmisher (Ogre Hunter)        Turns: 1283, Time: 00:02:14

Health: -4/42      AC:  4    Str: 21    XL:     3   Next: 64%
Magic:  3/3        EV: 10    Int: 12    God:
Gold:   107        SH:  0    Dex: 10    Spells: 2/2 levels left

rFire    . . .     SeeInvis .   a - +0 whip
rCold    . . .     Gourm    .   (no shield)
rNeg     . . .     Faith    .   b - +1 robe
rPois    .         Spirit   .   (helmet restricted)
rElec    .         Reflect  .   (no cloak)
rCorr    .         Harm     .   (gloves unavailable)
MR       .....                  (boots unavailable)
Stlth    +.........             (no amulet)
HPRegen  0.14/turn              (no ring)
MPRegen  0.08/turn              (no ring)

@: mighty
A: unfitting armour, tough skin 1
a: no special abilities


You were on level 2 of the Dungeon.
You were not hungry.

You visited 1 branch of the dungeon, and saw 2 of its levels.

You collected 107 gold pieces.

Inventory:

Hand Weapons
 a - a +0 whip (weapon)
Missiles
 c - 5 large rocks (quivered)
 d - 2 throwing nets
 j - 4 curare-tipped needles
Armour
 b - a +1 robe (worn)
Scrolls
 g - a scroll of blinking
 k - a scroll of identify {unknown}
Potions
 h - a potion of flight {unknown}
Comestibles
 f - 2 bread rations
 i - a royal jelly


   Skills:
 + Level 5.2 Fighting
 - Level 4.0 Throwing
 - Level 1.7 Dodging
 - Level 0.6 Stealth


You had 2 spell levels left.
You didn't know any spells.

Dungeon Overview and Level Annotations

Branches:
Dungeon (2/15)

Altars:
Wu Jian
Zin


Innate Abilities, Weirdness & Mutations

You are too large for most types of armour.
You have tough skin. (AC +1)


Message History

You barely miss the gnoll. The gnoll hits you with a flail!
The gnoll barely misses you.
You closely miss the gnoll. The gnoll hits you with a flail!
The gnoll hits you from afar with a halberd!
* * * LOW HITPOINT WARNING * * *
You are too injured to fight recklessly!
You are too injured to fight recklessly!
You are too injured to fight recklessly!
You are too injured to fight recklessly!
You are too injured to fight recklessly!
You are too injured to fight recklessly!
You are too injured to fight recklessly!
You are too injured to fight recklessly!
You are too injured to fight recklessly!
You are too injured to fight recklessly!
You are too injured to fight recklessly!
It was a potion of might.
You feel very mighty all of a sudden. The gnoll hits you with a flail!
You die...

#.# *,##*****,*,,*,,,,,*,*
**,,, #.#
*...,,,,,,,.##,*,***,****,***
..#
*#..,,****,#.#,,_,,*,,,,,,* *
###
#.##...,,,#.#**,*,*,,***,***
#.##..#***#.#,,,,,*,,* **,,,
#.##..# #g#**,****,* ****
######^##..#####g# *,*,**,*
..............##g# *,,,**,*
####.#.##..##.##@# ***,**,*
#.#.##........#####[**,*
#.#.###.............**,*
#.#..........?...###**,*******
#.########.#####....,,,,,,,,,,
#.# #.# *####**,,,,,,,,
#.#******#.# *********
#..,,,,,,..# *********###


You could see 3 gnolls.

Vanquished Creatures
  2 adders (D:2)
  A dart slug (D:1)
  A leopard gecko (D:1)
  4 bats (D:1)
  2 giant cockroaches (D:1)
  3 goblins
  A hobgoblin (D:1)
  3 frilled lizards
  3 kobolds
  5 rats (D:1)
25 creatures vanquished.

Notes
Turn   | Place    | Note
-------+----------+-------------------------------------------
     0 | D:1      | Ijustatesigmund the Ogre Hunter began the quest for the Orb.
     0 | D:1      | Reached XP level 1. HP: 22/22 MP: 1/1
    55 | D:1      | Reached skill level 3 in Fighting
   158 | D:1      | Reached XP level 2. HP: 31/31 MP: 2/2
   508 | D:1      | Reached skill level 4 in Fighting
   948 | D:1      | Reached XP level 3. HP: 40/40 MP: 3/3
  1014 | D:2      | Found an ornate altar of the Wu Jian Council.
  1017 | D:2      | Found a glowing silver altar of Zin.
  1251 | D:2      | Reached skill level 5 in Fighting
  1283 | D:2      | Slain by a gnoll

Vault maps used:
D:1:      lemuel_arrival_funnel
D:2:      nicolae_overflow_hidden_temple, nicolae_overflow_crystal_walls,
          corexii_corridor_pit, nicolae_gozag_cash_rules_everything_around_me

Skill      XL: |  1  2  3 |
---------------+----------+-----
Fighting       | 3 4 5 |  5.2
Throwing       | |  4.0
Dodging        | |  1.7
Stealth        | |  0.6

Action                   || total
-------------------------++-------
Melee: Short sword       ||    17
       Club              ||    22
       Whip              ||    60
  Use: Scroll            ||     7
       Potion            ||     1
 Stab: Sleeping          ||     2
       Distracted        ||     1
  Eat: Chunk             ||     1
Armor: Robe              ||    59
Dodge: Dodged            ||    77
